 Dungeon Crawl Stone Soup version 0.31-a0-1278-g11c5b68f87 (webtiles) character file.

Game seed: 4596886028465370125

589 mopl the Trooper (level 7, 0/53 HPs)
             Began as a Demonspawn Fighter on Dec 17, 2023.
             Slain by Menkaure (8 damage)
             ... on level 5 of the Dungeon.
             The game lasted 00:04:06 (2734 turns).

mopl the Trooper (Demonspawn Fighter)               Turns: 2734, Time: 00:04:07

Health: 0/53       AC:  8    Str: 18    XL:     7   Next: 15%
Magic:  9/9        EV:  9    Int:  9    God:
Gold:   142        SH:  4    Dex: 12    Spells: 5/9 levels left

rFire   . . .        a - +2 short sword (venom)
rCold   . . .        c - +0 buckler
rNeg    . . .        b - +0 scale mail
rPois   .            s - +2 hood of the Assassin {Detect Stab+ Stlth++}
rElec   .            (no cloak)
rCorr   .            (no gloves)
SInv    .            (no boots)
Will    .....        o - amulet of regeneration
Stlth   +++          (no ring)
HPRegen 1.08/turn    (no ring)
MPRegen 0.11/turn

%: no passive effects
@: no status effects
A: claws 1, demonic magic 1
a: no special abilities


You were on level 5 of the Dungeon.
You visited 1 branch of the dungeon, and saw 5 of its levels.

You collected 142 gold pieces.

Inventory:

Hand Weapons
 a - a +2 short sword of venom (weapon)
 t - a +0 war axe
Missiles
 n - 7 poisoned darts
Armour
 b - a +0 scale mail (worn)
 c - a +0 buckler (worn)
 r - a +0 helmet
 s - the +2 hood of the Assassin (worn) {Detect Stab+ Stlth++}
   (You found it on level 3 of the Dungeon)

   Detect:    It allows the wearer to sense nearby creatures.
   Stab+:     It allows the wearer to make particularly effective stabbing
   attacks against helpless or unaware enemies with any weapon.
   Stlth++:   It makes you much more stealthy.
Jewellery
 o - an amulet of regeneration (around neck)
 q - an amulet of magic regeneration
 y - an amulet of faith {!P}
Wands
 u - a wand of charming (4)
Scrolls
 e - a scroll of torment {unknown}
 f - 3 scrolls of identify {unknown}
 h - 2 scrolls of immolation {unknown}
 i - a scroll of enchant armour {unknown}
 k - a scroll of poison {unknown}
 l - a scroll of amnesia {unknown}
 m - a scroll of brand weapon {unknown}
 p - 2 scrolls of teleportation {unknown}
 v - a scroll of enchant weapon {unknown}
Potions
 d - a potion of might
 g - 3 potions of curing {unknown}
 j - a potion of haste {unknown}
 w - 2 potions of degeneration {unknown}
 x - a potion of heal wounds {unknown}
 z - a potion of attraction {unknown}
 A - a potion of invisibility {unknown}
 B - a potion of mutation {unknown}


   Skills:
 - Level 3.7 Fighting
 + Level 2.3 Short Blades
 - Level 3.2 Axes
 - Level 3.3 Armour
 - Level 1.7 Dodging
 * Level 2.9 Stealth
 - Level 2.6 Shields
 + Level 1.7 Spellcasting
 * Level 3.0 Hexes


You had 5 spell levels left.
You knew the following spells:

 Your Spells              Type           Power      Damage    Failure   Level
b - Ensorcelled Hibernat  Hex/Ice        6%         N/A       73%         2
p - Passwall              Tmut/Erth      0%         N/A       90%         2

Your spell library contained the following spells:

 Spells                   Type           Power      Damage    Failure   Level
 Shock                    Conj/Air       0%         1d3       80%         1
 Cigotuvi's Dreadful Rot  Necr/Pois/Air  0%         N/A       90%         2
 Swiftness                Air            0%         N/A       99%         3
 Airstrike                Air            0%         2d(0-16)  100%        4
 Dispel Undead            Necr           0%         3d6       100%        4
 Summon Forest            Summ/Tloc      0%         N/A       100%        5
 Conjure Ball Lightning   Conj/Air       0%         3x3d6     100%        6
 Death Channel            Necr           0%         N/A       100%        6
 Eringya's Noxious Bog    Tmut/Pois      0%         4d6       100%        6
 Summon Hydra             Summ           0%         N/A       100%        7
 Discord                  Hex            3%         N/A       100%        8
 Disjunction              Tloc           0%         N/A       100%        8


Dungeon Overview and Level Annotations

Branches:
Dungeon (5/15)
 Temple: D:4-7

Altars:
Uskayaw
Vehumet

Shops:
D:3 :

Annotations:
D:5 Menkaure


Innate Abilities, Weirdness & Mutations

You have sharp fingernails.
Spells you cast may paralyse adjacent enemies.


Message History

You hit Menkaure but do no damage.
Menkaure mumbles some strange words.
Menkaure seems to speed up.
You hear an angry hiss.
You barely miss Menkaure. Menkaure hits you but does no damage.
You hit Menkaure but do no damage. Menkaure hits you!
An iguana comes into view.
You hit Menkaure but do no damage. Menkaure hits you!
You are too injured to fight recklessly!
You are too injured to fight recklessly!
You are too injured to fight recklessly!
You are too injured to fight recklessly!
You are too injured to fight recklessly!
You are too injured to fight recklessly!
You are too injured to fight recklessly!
You are too injured to fight recklessly!
You are too injured to fight recklessly!
You are too injured to fight recklessly!
You are too injured to fight recklessly!
You are too injured to fight recklessly!
You are too injured to fight recklessly!
You are too injured to fight recklessly!
You are too injured to fight recklessly!
You are too injured to fight recklessly!
You are too injured to fight recklessly!
You hit Menkaure.
Menkaure is moderately damaged.
Menkaure gestures at you while chanting.
Pain shoots through your body!
* * * LOW HITPOINT WARNING * * *
You hit Menkaure.
Menkaure is moderately damaged.
Menkaure calls on the powers of darkness!
Your body is wracked with pain!
* * * LOW HITPOINT WARNING * * *
The iguana convulses!
You hit Menkaure but do no damage.
Menkaure is moderately damaged.
Menkaure hits you!
You die...

# #. # #.. ######
.# #... #....# #.#
#...., #....####..#
#.....###.........#
#....lM@..........#
......#######..#..#
.......######.....#
#####..>.........##
.##.......###
#.#####.# #
#.#########
#.#..†.....
#.'.....<..


You could see Menkaure (fast) and an iguana.

Vanquished Creatures
  Sigmund (D:3)
  An ogre (D:4)
  An orc priest (D:4)
  A hound (D:2)
  A jelly (D:5)
  Jessica (D:3)
  An iguana (D:5)
  An orc wizard (D:4)
  Robin (D:3)
  4 gnolls (D:4)
  4 adders
  4 worms
  A dart slug (D:1)
  3 orcs
  6 ball pythons
  10 bats
  4 endoplasms
  19 goblins
  5 hobgoblins
  3 jackals (D:3)
  7 quokkas
  2 frilled lizards (D:3)
  6 kobolds
  4 rats
91 creatures vanquished.

Notes
Turn   | Place    | Note
-------+----------+-------------------------------------------
     0 | D:1      | mopl the Demonspawn Fighter began the quest for the Orb.
     0 | D:1      | Reached XP level 1. HP: 18/18 MP: 1/1
    46 | D:1      | Reached skill level 2 in Axes
   206 | D:1      | Gained mutation: You have sharp fingernails. [demonic
                  | ancestry]
   206 | D:1      | Reached XP level 2. HP: 21/24 MP: 2/2
   790 | D:2      | Reached skill level 3 in Armour
   790 | D:2      | Reached skill level 1 in Dodging
   790 | D:2      | Reached XP level 3. HP: 26/29 MP: 3/3
  1117 | D:2      | Gained mutation: Spells you cast may paralyse adjacent
                  | enemies. [demonic ancestry]
  1117 | D:2      | Reached XP level 4. HP: 35/35 MP: 4/4
  1562 | D:3      | Reached skill level 3 in Axes
  1564 | D:3      | Noticed Robin
  1589 | D:3      | Killed Robin
  1654 | D:3      | Found a hide-covered altar of Uskayaw.
  1705 | D:3      | Reached XP level 5. HP: 42/42 MP: 5/5
  1707 | D:3      | Found the +2 hood of the Assassin {Detect Stab+ Stlth++}
  1778 | D:3      | Learned a level 2 spell: Ensorcelled Hibernation
  1783 | D:3      | Found a radiant altar of Vehumet.
  1783 | D:3      | Found Nenn's Book Boutique.
  1942 | D:3      | Noticed Sigmund
  1946 | D:3      | Noticed Jessica
  1953 | D:3      | Killed Sigmund
  1954 | D:3      | Reached skill level 1 in Short Blades
  1954 | D:3      | Reached skill level 1 in Stealth
  1954 | D:3      | Reached skill level 1 in Spellcasting
  1954 | D:3      | Reached skill level 1 in Hexes
  1954 | D:3      | Reached XP level 6. HP: 45/48 MP: 5/7
  1957 | D:3      | Killed Jessica
  2085 | D:4      | Reached skill level 2 in Stealth
  2085 | D:4      | Reached skill level 2 in Hexes
  2089 | D:4      | Reached skill level 2 in Short Blades
  2474 | D:4      | Reached XP level 7. HP: 35/53 MP: 9/9
  2480 | D:4      | Learned a level 2 spell: Passwall
  2646 | D:5      | Entered Level 5 of the Dungeon
  2712 | D:5      | Reached skill level 3 in Hexes
  2727 | D:5      | Noticed Menkaure
  2734 | D:5      | Slain by Menkaure

Illustrated notes

Levels and vault maps discovered:
D:1:      amcnicky_arrival_single_pillar, layout_loops_ring, serial_forest,
          infiniplex_forest_lined_3, infiniplex_forest_lined_room_3,
          infiniplex_forest_lined_2, infiniplex_forest_straight_1,
          infiniplex_forest_zigzag_2, infiniplex_forest_split,
          infiniplex_forest_lined_1, infiniplex_forest_lined_room_2
D:2:      minmay_alternating_diamond, layout_loops_ring, minmay_statues_item
D:3:      layout_rooms, mainiacjoe_overflow_concentric_impassable,
          old_standard_altar, serial_shops, shop, uniq_jessica, uniq_sigmund,
          uniq_robin
D:4:      layout_basic, tso_altar
D:5:      due_chaos_kobolds, layout_basic, minmay_temple_entry_glass,
          uniq_eustachio, uniq_menkaure

Skill      XL: |  1  2  3  4  5  6  7 |
---------------+----------------------+-----
Axes           | 2 3 |  3.2
Armour         | 3 |  3.3
Dodging        | 1 |  1.7
Short Blades   | 1 2 |  2.3
Stealth        | 1 2 |  2.9
Spellcasting   | 1 |  1.7
Hexes          | 1 2 3 |  3.0
Fighting       | |  3.7
Shields        | |  2.6

Action                     |  1- 3 |  4- 6 |  7- 9 || total
---------------------------+-------+-------+-------++-------
  Melee: War axe           |    82 |    93 |       ||   175
         Short sword       |       |    99 |    22 ||   121
   Stab: Sleeping          |       |     4 |     1 ||     5
 Armour: Scale mail        |    65 |   147 |    11 ||   223
  Dodge: Dodged            |    34 |    76 |     3 ||   113
  Block: Buckler           |    22 |    53 |     5 ||    80

Table legend: (Time is in decaauts)
 A = Elapsed time spent in this place.
 B = Non-inter-level travel time spent in this place.
 C = Inter-level travel time spent in this place.
 D = Time resting spent in this place.
 E = Time spent auto-exploring this place.
 F = Levels seen in this place.
 G = Mean time per level.
                   A        B        C        D        E       F      G
               +--------+--------+--------+--------+--------+-----+--------+
         Total |   2798 |   2723 |     75 |      0 |   2053 |   5 |  559.6 |
       Dungeon |   2798 |   2723 |     75 |      0 |   2053 |   5 |  559.6 |
               +--------+--------+--------+--------+--------+-----+--------+

Top non-repeatable levels by time:
     D:2: 808 daAuts
     D:1: 745 daAuts
     D:3: 583 daAuts
     D:4: 573 daAuts
     D:5: 86 daAuts
